 Dungeon Crawl Stone Soup version 0.28-a0-726-g4a9143789a (webtiles) character file.

Game seed: 9032108809183419101

4 flotson the Sneak (level 1, 0/18 HPs)
             Began as a Demonspawn Delver on Oct 27, 2021.
             Slain by a gnoll (7 damage)
             ... on level 1 of the Dungeon.
             The game lasted 00:00:43 (167 turns).

flotson the Sneak (Demonspawn Delver)                Turns: 167, Time: 00:00:44

Health: 0/18       AC:  5    Str: 12    XL:     1   Next: 50%
Magic:  1/1        EV: 10    Int: 11    God:
Gold:   0          SH:  0    Dex: 14    Spells: 0/0 levels left

rFire   . . .      SeeInvis .   a - +0 hand axe
rCold   . . .      Faith    .   (no shield)
rNeg    . . .      Spirit   .   k - +0 ring mail
rPois   .          Reflect  .   (no helmet)
rElec   .          Harm     .   (no cloak)
rCorr   .          Rampage  .   (no gloves)
Will    .....                   (no boots)
Stlth   ++........              (no amulet)
HPRegen 0.06/turn               (no ring)
MPRegen 0.07/turn               (no ring)

@: no status effects
A: no striking features
a: no special abilities


You were on level 1 of the Dungeon.
You visited 1 branch of the dungeon, and saw 5 of its levels.

Inventory:

Hand Weapons
 a - a +0 hand axe (weapon)
Armour
 k - a +0 ring mail (worn)
Wands
 g - a wand of digging (3)
Scrolls
 b - a scroll of identify {unknown}
 c - a scroll of fog
 d - a scroll of magic mapping
 e - a scroll of fear
 j - a scroll of vulnerability {unknown}
Potions
 f - a potion of haste
 h - a potion of degeneration {unknown}
 i - a potion of resistance {unknown}
 l - a potion of brilliance {unknown}


   Skills:
 + Level 3.0 Fighting
 + Level 1.9 Axes
 + Level 0.2 Armour
 + Level 1.8 Dodging
 - Level 4.5 Stealth


You couldn't memorise any spells.
You didn't know any spells.
Your spell library was empty.

Dungeon Overview and Level Annotations

Branches:
Dungeon (5/15)
 Temple: D:4-7

Altars:


Message History

A rat and a gnoll come into view.
The gnoll shouts!
A gnoll comes into view. It is wielding a +0 spear.
A gnoll comes into view. It is wielding a +0 flail.
A hobgoblin comes into view.
The hobgoblin shouts!
A gnoll comes into view. It is wielding a +0 spear.
Found a stone staircase leading up.
A rat comes into view.
The gnoll barely misses you. The giant cockroach bites you.
Found a stone staircase leading up.
There is a stone staircase leading up here.
The gnoll barely misses you.
The giant cockroach bites you but does no damage.
You climb upwards.
There is a stone staircase leading down here.
You hit the gnoll.
The gnoll is lightly wounded.
You barely miss the giant cockroach.
The giant cockroach bites you but does no damage.
The gnoll hits you with a +0 whip.
Unknown command.
You hit the gnoll.
The gnoll is moderately wounded.
You hit the giant cockroach. The giant cockroach barely misses you.
The gnoll hits you with a +0 whip. The giant cockroach closely misses you.
Unknown command.
You hit the giant cockroach.
You kill the giant cockroach!
You hit the gnoll. The gnoll closely misses you.
The gnoll hits you with a +0 whip.
Unknown command.
You are too injured to fight recklessly!
Unknown command.
You are too injured to fight recklessly!
You hit the gnoll but do no damage.
The gnoll is moderately wounded.
The gnoll hits you with a +0 whip!
You die...

# . ##. ..
.####.####
.........#
#.....g.#
#.....@†#
#.......#
#.......#
#.......#
#.......#
####.###.
#. . #. .#


You could see a gnoll.

Vanquished Creatures
  A giant cockroach (D:1)
  A goblin (D:4)
  2 kobolds
4 creatures vanquished.

Notes
Turn   | Place    | Note
-------+----------+-------------------------------------------
     0 | D:5      | flotson the Demonspawn Delver began the quest for the Orb.
     0 | D:5      | Reached XP level 1. HP: 18/18 MP: 1/1
   167 | D:1      | Slain by a gnoll

Illustrated notes

Levels and vault maps discovered:
D:1:      dpeg_arrival_windows_large_door, layout_loops_cross,
          shapermc_ecumenical_altar_rom_forum
D:2:      layout_rooms, serial_shops, nicolae_shop_competitors_out_of_business,
          guppyfry_early_orc_mine
D:3:      layout_loops_cross, lemuel_round_altar, uniq_sigmund
D:4:      layout_rooms, temple_hall
D:5:      layout_gridville, cheibrodos_gnoll_hut, uniq_eustachio

Action                   || total
-------------------------++-------
Melee: Hand axe          ||     9
Armor: Ring mail         ||     3
       Leather armour    ||     1
Dodge: Dodged            ||     5

Table legend: (Time is in decaauts)
 A = Elapsed time spent in this place.
 B = Non-inter-level travel time spent in this place.
 C = Inter-level travel time spent in this place.
 D = Time resting spent in this place.
 E = Time spent auto-exploring this place.
 F = Levels seen in this place.
 G = Mean time per level.
                   A        B        C        D        E       F      G
               +--------+--------+--------+--------+--------+-----+--------+
         Total |    167 |    167 |      0 |      0 |     55 |   5 |   33.4 |
       Dungeon |    167 |    167 |      0 |      0 |     55 |   5 |   33.4 |
               +--------+--------+--------+--------+--------+-----+--------+

Top non-repeatable levels by time:
     D:5: 46 daAuts
     D:4: 42 daAuts
     D:3: 37 daAuts
     D:2: 37 daAuts
     D:1: 4 daAuts
